 Dungeon Crawl Stone Soup version 0.16.0-16-g311141a (webtiles) character file.

901 Chiseanne the Skirmisher (level 7, -12/58 HPs)
             Began as a Mummy Monk on Mar 19, 2015.
             Was an Initiate of Gozag.
             Mangled by an orc warrior
             ... wielding a +0 scimitar
              (20 damage)
             ... on level 6 of the Dungeon.
             The game lasted 00:12:52 (3347 turns).

Chiseanne the Skirmisher (Mummy Monk)               Turns: 3347, Time: 00:12:52

Health: -12/58     AC:  6    Str: 14    XL:     7   Next: 80%
Magic:  7/7        EV: 14    Int: 11    God:    Gozag
Gold:   558        SH:  0    Dex: 14    Spells: 0 memorised, 6 levels left

rFire  x . .     SeeInvis .     a - +3 quarterstaff (chaos)
rCold  + + .     Clarity  .     t - +1 robe {rC+}
rNeg   + + +     SustAb   .     (no shield)
rPois  ∞         Gourm    .     k - +1 helmet
rElec  .         Spirit   .     j - +0 cloak
rCorr  .         Warding  .     (no gloves)
rMut   .         Stasis   .     (no boots)
MR     .....                    (no amulet)
Stlth  ++........               (no ring)
                                (no ring)

@: not resistant to hostile enchantments, unstealthy
A: no food or potions, fire vulnerability, restore body, cold resistance 1,
negative energy resistance 3, poison resistance, torment resistance, unbreathing
a: Potion Petition, Call Merchant, Bribe Branch, Renounce Religion


You were on level 6 of the Dungeon.
You worshipped Gozag.
Gozag was noncommittal.
You were not hungry.

You visited 1 branch of the dungeon, and saw 6 of its levels.

You collected 558 gold pieces.

Inventory:

Hand weapons
 a - a +3 quarterstaff of chaos (weapon)
 d - a +0 trident of protection
 s - a +3 vampiric dagger
Missiles
 c - 34 poisoned needles
 f - 89 bolts
 g - 61 arrows
 i - 4 tomahawks
 o - 7 silver tomahawks (quivered)
 q - 14 sling bullets of frost
 r - 10 sling bullets
Armour
 j - a +0 cloak (worn)
 k - a +1 helmet (worn)
 t - a +1 robe of cold resistance (worn)
Jewellery
 m - an uncursed amulet of stasis
Scrolls
 b - 4 scrolls of magic mapping
 e - 2 scrolls of fog
 h - 7 scrolls of remove curse
 l - a scroll of recharging
 n - 6 scrolls of identify
 p - 3 scrolls of teleportation


   Skills:
 * Level 6.2 Fighting
 - Level 3.6 Armour
 * Level 4.9 Dodging
 - Level 1.5 Stealth
 - Level 3.2 Unarmed Combat


You had 6 spell levels left.
You didn't know any spells.

Dungeon Overview and Level Annotations

Branches:
Dungeon (6/15)
 Temple: D:4-7

Altars:
Dithmenos
Gozag
Qazlal


Innate Abilities, Weirdness & Mutations

You do not eat or drink.
Your flesh is vulnerable to fire.
Your flesh is cold resistant.
You are immune to negative energy.
Your system is resistant to poisons.
You are immune to unholy pain and torment.
You can survive without breathing.


Message History

The giant newt bites you but does no damage.
You hit the giant newt!
You kill the giant newt!
You now have 558 gold pieces (gained 5).
h - 7 scrolls of remove curse (gained 1)
Found a robe.
An orc warrior comes into view. It is wielding a scimitar.
The orc warrior shouts!
You hear a shout!
You hear a shout!
An orc and an orc priest come into view.
The orc warrior hits you with a scimitar!
A centaur comes into view.
You hit the orc warrior!
The orc warrior goes berserk!
The orc warrior is heavily wounded.
The centaur moves out of view.
The orc warrior hits you with a scimitar!!
Ouch! That really hurt!
* * * LOW HITPOINT WARNING * * *
The orc warrior hits you with a scimitar!!
You die...
Your body crumbles into a pile of gold.

. #......# .
#......#
....###.._...#
#...........<#
...[.###.....##
.........#.###
#.##.##....#
#....##..###
#oo@..#
#a..o##.## #.##
#.# ..# ###


You could see an orc warrior (berserk), a worker ant, an orc priest and an orc.

Vanquished Creatures
  An ogre (D:5)
  A giant frog (D:6)
  2 scorpions
  A centaur zombie (D:5)
  A giant frog zombie (D:5)
  A crimson imp (D:5)
  Crazy Yiuf (D:2)
  2 orc priests
  An iguana (D:4)
  6 orc wizards
  A worker ant (D:3)
  Ijyb (D:3)
  9 adders
  A shadow imp (D:5)
  4 worms
  3 oozes (D:5)
  20 orcs
  3 giant cockroaches
  11 hobgoblins
  6 jackals (D:3)
  2 ball pythons
  15 bats
  3 giant geckos
  A giant gecko skeleton (D:4)
  6 giant newts
  9 goblins
  8 kobolds
  2 quokkas
  8 rats
  A fungus (D:2)
131 creatures vanquished.

Notes
Turn   | Place    | Note
--------------------------------------------------------------
     0 | D:1      | Chiseanne, the Mummy Monk, began the quest for the Orb.
     0 | D:1      | Reached XP level 1. HP: 18/18 MP: 1/1
   168 | D:1      | Reached XP level 2. HP: 22/24 MP: 2/2
   659 | D:2      | Reached XP level 3. HP: 29/29 MP: 3/3
   793 | D:2      | Noticed Crazy Yiuf
   805 | D:2      | Killed Crazy Yiuf
   917 | D:2      | Reached skill level 4 in Fighting
   917 | D:2      | Reached XP level 4. HP: 37/37 MP: 4/4
   931 | D:2      | Reached skill level 1 in Armour
  1292 | D:3      | Reached XP level 5. HP: 42/42 MP: 5/5
  1707 | D:3      | Found an opulent altar of Gozag.
  1716 | D:3      | Noticed Ijyb
  1718 | D:3      | Reached XP level 6. HP: 50/50 MP: 6/6
  1732 | D:3      | Killed Ijyb
  1739 | D:3      | Became a worshipper of Gozag Ym Sagoz the Greedy
  1890 | D:3      | Reached skill level 5 in Fighting
  2686 | D:5      | Entered Level 5 of the Dungeon
  2687 | D:5      | Found an opulent altar of Gozag.
  2813 | D:5      | Reached XP level 7. HP: 46/56 MP: 7/7
  3022 | D:5      | Found a shadowy altar of Dithmenos.
  3224 | D:6      | Reached skill level 6 in Fighting
  3298 | D:6      | Found a stormy altar of Qazlal.
  3347 | D:6      | Mangled by an orc warrior

Action                   |  1- 3 |  4- 6 |  7- 9 || total
-------------------------+-------+-------+-------++-------
Melee: Unarmed           |    28 |       |       ||    28
       Dagger            |    57 |       |       ||    57
       Quarterstaff      |    10 |   150 |    45 ||   205
Throw: Tomahawk          |       |       |     2 ||     2
  Use: Scroll            |     6 |     5 |       ||    11
 Stab: Paralysed         |       |     2 |       ||     2
